Map: Dusk Towers

Players

masHta - Winner!

  • Race: Terran Terran
  • Spawn Location: 1:00

Tystic

  • Race: Terran Terran
  • League: Gold
  • Spawn Location: 7:00

VOD

Have the link to the VOD?

Description

Old TvT played in gold league ladder

Time

  • Played on: June 20, 2016, 12:35 p.m.
  • Length: 11:59
Show
View Real Time Build Order
Export as new Build Order

masHta Terran - Winner!

Build Orders: Bio Tank 

Get SALT Encoding   

  12  0:01  SCV  
  13  0:13  SCV  
  14  0:18  Supply Depot  
  14  0:25  SCV  
  15  0:39  SCV  
  15  0:41  Barracks  
  16  0:49  Refinery  
  16  0:51  SCV  
  17  0:59  Refinery  
  17  1:03  SCV  
  18  1:15  SCV  
  19  1:28  Orbital Command  
  19  1:30  Reaper  
  20  1:44  Supply Depot  
  20  1:49  Factory  
  20  1:54  SCV  
  21  2:02  Marine  
  21  2:06  SCV  
  23  2:18  SCV  
  23  2:19  Marine  
  25  2:30  Command Center, SCV  
  28  2:52  Factory Tech Lab  
  28  2:55  Barracks Reactor  
  28  2:58  SCV  
  27  3:00  Starport  
  27  3:10  SCV, Supply Depot  
  28  3:13  Siege Tank  
  31  3:32  SCV  
  32  3:34  Supply Depot  
  32  3:35  Marine x2  
  32  3:38  Viking  
  36  3:44  SCV  
  36  3:45  Siege Tank  
  40  3:49  Orbital Command  
  40  3:56  SCV  
  40  4:00  Marine x2  
  43  4:08  SCV  
  44  4:10  Engineering Bay  
  44  4:18  Marine x2  
  44  4:20  SCV  
  47  4:31  Starport Reactor  
  47  4:32  Siege Tank  
  50  4:39  SCV x2  
  50  4:41  Barracks  
  50  4:42  Barracks  
  52  4:49  Marine x2  
  54  4:55  SCV x2  
  56  5:00  Supply Depot  
  56  5:03  Terran Infantry Weapons Level 1  
  56  5:05  Siege Tank  
  56  5:07  SCV x2  
  61  5:17  Marine  
  61  5:21  Marine, Medivac, SCV x2  
  62  5:22  Supply Depot  
  62  5:24  Supply Depot  
  67  5:29  Barracks Tech Lab  
  67  5:30  Barracks Tech Lab  
  67  5:35  Marine  
  68  5:39  Marine  
  68  5:40  SCV  
  68  5:42  Missile Turret  
  70  5:46  Missile Turret  
  70  5:48  SCV  
  71  5:50  Refinery  
  71  5:52  SCV  
  71  5:53  Marine  
  71  5:54  Stimpack, Combat Shields  
  73  6:00  SCV  
  75  6:04  SCV  
  75  6:07  Marine x3  
  75  6:10  Marine  
  79  6:12  SCV  
  79  6:16  SCV  
  79  6:18  Refinery, Medivac  
  81  6:19  Medivac  
  81  6:24  SCV  
  75  6:41  Marine x4  
  75  6:42  SCV  
  75  6:43  SCV  
  81  6:55  SCV x2  
  81  6:56  Supply Depot  
  81  6:58  Marine  
  81  6:59  Marine x2  
  86  7:02  Barracks  
  86  7:03  Barracks  
  86  7:06  Supply Depot  
  86  7:07  Marine, Siege Tank, Medivac x2  
  94  7:08  Supply Depot  
  94  7:11  Terran Infantry Armor Level 1  
  94  7:18  Marine x3  
  97  7:24  Marine  
  98  7:30  Command Center  
  98  7:36  Marine x2, SCV  
  101  7:39  Marine  
  101  7:42  Marine  
  103  7:52  Barracks Reactor  
  103  7:53  Marine x2, Barracks Reactor  
  103  7:57  Marine  
  106  8:00  Marine  
  107  8:11  Siege Tank, Marine x2, Sensor Tower  
  107  8:12  Medivac x2  
  116  8:15  Marine  
  116  8:18  Marine  
  118  8:25  Armory  
  118  8:26  Engineering Bay  
  117  8:29  Marine  
  118  8:40  Marine x2  
  101  9:32  Marine x7  
  101  9:33  Marine, Missile Turret  
  101  9:34  Terran Infantry Weapons Level 2  
  101  9:35  Terran Infantry Armor Level 2  
  101  9:38  Terran Vehicle Weapons Level 1, Supply Depot  
  109  9:49  Marine  
  109  9:50  Marine x7  
  109  9:51  Missile Turret  
  117  9:57  Orbital Command  
  117  9:58  Missile Turret  
  117  10:05  Supply Depot  
  117  10:07  Marine x2, Siege Tank  
  117  10:08  Marine x4  
  126  10:20  Marine x2  
  128  10:22  Medivac x2  
  128  10:25  Marine x4  
  128  10:26  Marine  
  137  10:39  Siege Tank  
  140  10:50  Marine x8  
  148  10:58  Refinery, Barracks  
  148  11:00  Barracks  
  148  11:01  Supply Depot  
  148  11:03  Supply Depot  
  148  11:07  Command Center, Marine  
  149  11:22  Marine x5  
  149  11:23  Siege Tank  
  149  11:24  Marine x2, Medivac x2  
  149  11:25  Marine  
  163  11:29  Supply Depot  
  164  11:33  Supply Depot  
  164  11:40  Marine  
Show
View Real Time Build Order
Export as new Build Order

Tystic Terran 

Build Orders: MMM Bio 

Get SALT Encoding   

  12  0:01  SCV  
  13  0:13  SCV  
  14  0:18  Supply Depot  
  14  0:25  SCV  
  15  0:39  SCV  
  15  0:41  Barracks  
  16  0:49  Refinery  
  16  0:51  SCV  
  17  1:03  SCV  
  18  1:16  SCV  
  19  1:28  Orbital Command  
  20  1:32  Reaper  
  20  1:43  Command Center  
  20  1:54  SCV  
  20  1:57  Supply Depot  
  21  2:06  SCV  
  22  2:09  Barracks Reactor  
  22  2:18  SCV  
  22  2:21  Barracks x2  
  23  2:30  SCV  
  24  2:44  SCV  
  24  2:45  Marine x2  
  26  2:52  Refinery, Factory  
  26  2:56  SCV, Orbital Command  
  27  3:03  Marine x2  
  29  3:08  Marine, SCV  
  29  3:11  Barracks Tech Lab  
  31  3:20  SCV  
  31  3:21  Marine  
  31  3:22  Marine  
  31  3:23  SCV  
  35  3:32  Supply Depot  
  35  3:33  SCV  
  36  3:34  Marine  
  36  3:35  Marauder  
  36  3:37  Stimpack  
  39  3:44  Starport  
  39  3:48  Factory Reactor  
  39  3:52  Refinery  
  39  3:53  SCV  
  39  3:54  Refinery  
  39  3:55  SCV  
  41  3:59  Barracks Reactor  
  41  4:05  SCV  
  41  4:07  Marine x2  
  41  4:08  Marauder  
  46  4:11  SCV  
  46  4:13  Supply Depot  
  47  4:18  SCV  
  48  4:30  Marauder  
  50  4:38  Marine x4  
  52  4:43  Factory Reactor  
  54  4:46  Medivac  
  54  4:48  Medivac  
  54  4:51  Marauder  
  60  5:00  Marine x2  
  60  5:03  Supply Depot  
  60  5:06  Marine x2  
  66  5:07  SCV x2  
  66  5:12  Marauder  
  68  5:17  Marine  
  68  5:19  SCV, Engineering Bay  
  70  5:24  SCV  
  70  5:27  Marine x3  
  70  5:28  Supply Depot  
  74  5:35  Widow Mine x2  
  78  5:49  Terran Infantry Weapons Level 1, Marine x2, Medivac x2  
  84  5:54  Marine, Supply Depot  
  84  5:55  Marine  
  86  6:02  Marine  
  86  6:03  SCV  
  86  6:04  SCV  
  89  6:16  Marine  
  89  6:17  Marine x3  
  83  6:33  Marine  
  83  6:34  Marine  
  83  6:35  Marauder, Marine x2  
  79  6:42  Widow Mine  
  79  6:43  Widow Mine  
  83  6:53  Command Center  
  83  6:58  Barracks  
  83  7:01  Supply Depot  
  83  7:02  Barracks  
  83  7:07  Engineering Bay  
  83  7:08  Armory  
  83  7:10  Marine x2  
  83  7:12  Marine x2  
  87  7:25  Widow Mine x2  
  87  7:28  Marine x2  
  93  7:30  Combat Shields  
  93  7:38  Supply Depot  
  93  7:39  Marine x2  
  93  7:43  Terran Infantry Armor Level 1  
  95  7:48  Marine x2  
  95  7:50  Barracks Tech Lab  
  97  7:53  Barracks Reactor  
  97  8:04  Marine  
  97  8:05  Marauder, Marine  
  101  8:14  Marauder, Marine x2  
  105  8:20  Medivac x2  
  105  8:22  Marine  
  112  8:27  Marauder  
  112  8:29  SCV  
  112  8:30  SCV  
  114  8:34  Orbital Command  
  84  8:51  Marine x4  
  84  8:52  Marine x2  
  84  8:53  Marauder x2  
  72  9:06  Liberator x2  
  72  9:09  Marine x2  
  74  9:14  Marauder x2  
  74  9:15  Widow Mine x2  
  80  9:19  Marine x2  
  80  9:20  Marine x2  
  90  9:26  Marine  
  90  9:27  Marine  
  90  9:30  Command Center  
  90  9:31  Terran Infantry Weapons Level 2  
  92  9:35  Marauder x2  
  96  9:58  Marine  
  96  9:59  Marine x7  
  104  10:16  Marine x3  
  104  10:17  Marauder x2  
  104  10:18  Barracks  
  104  10:19  Factory Tech Lab  
  111  10:42  Liberator  
  111  10:45  Marine x5  
  111  10:46  Marine x2  
  111  10:47  Marauder  
  120  11:03  Marine  
  124  11:04  Marauder  
  124  11:08  Marauder  
  128  11:20  Marine x4  
  128  11:21  Marine  
  133  11:34  Marine  
Tags
 
Composition
Bio TankMMM Bio
League
Gold
Matchup
TvT
Race
Terran
Spawn Locations
Cross Positions
Add a new tag
Caveats
  • Supply blocks, unpowered buildings, or Contaminate may cause inaccurate times.
  • Supply counts are checked every 10 seconds.